 Dungeon Crawl Stone Soup version 0.24.0-2-g5b39cebb1c (webtiles) character file.

Game seed: 15257572881971541339, levelgen mode: deterministic

66 erloom the Chopper (level 3, -26/34 HPs)
             Began as a Minotaur Monk on Oct 29, 2019.
             Killed from afar by a bat (28 damage)
             ... with an exploding inner flame
             ... hexed by the player character
             ... on level 2 of the Dungeon.
             The game lasted 00:02:34 (1116 turns).

erloom the Chopper (Minotaur Monk)                  Turns: 1116, Time: 00:02:34

Health: -26/34     AC: 10    Str: 16    XL:     3   Next: 96%
Magic:  0/2        EV:  7    Int:  7    God:
Gold:   63         SH:  0    Dex: 12    Spells: 2/2 levels left

rFire    . . .     SeeInvis .   a - +0 hand axe
rCold    . . .     Gourm    .   (no shield)
rNeg     . . .     Faith    .   i - +0 chain mail
rPois    +         Spirit   +   (helmet restricted)
rElec    .         Reflect  .   m - scarf {Spirit}
rCorr    .         Harm     .   g - +1 pair of gloves
MR       .....                  (no boots)
Stlth    ..........             (no amulet)
HPRegen  0.11/turn              o - ring of poison resistance
MPRegen  0.08/turn              (no ring)

@: hasted and slowed
A: retaliatory headbutt, horns 2
a: no special abilities


You were on level 2 of the Dungeon.
You were not hungry.

You visited 1 branch of the dungeon, and saw 2 of its levels.

You collected 63 gold pieces.

Inventory:

Hand Weapons
 a - a +0 hand axe (weapon)
Missiles
 e - a throwing net (quivered)
 f - 2 boomerangs
Armour
 b - a +0 robe
 d - a +0 ring mail
 g - a +1 pair of gloves (worn)
 i - a +0 chain mail (worn)
 m - a scarf of spirit shield (worn)
Jewellery
 o - a ring of poison resistance (left hand)
Scrolls
 p - a scroll of identify {unknown}
 r - a scroll of teleportation {unknown}
Comestibles
 c - a ration
 q - 3 chunks of flesh


   Skills:
 + Level 4.4 Fighting
 * Level 5.3 Axes
 - Level 3.2 Dodging
 - Level 1.5 Stealth


You had 2 spell levels left.
You didn't know any spells.
Your spell library was empty.

Dungeon Overview and Level Annotations

Branches:
Dungeon (2/15)

Altars:

Annotations:
D:2 Natasha


Innate Abilities, Weirdness & Mutations

You reflexively headbutt those who attack you in melee.
You have a pair of horns on your head.


Message History

You feel blessed for a moment.
It was a scroll of remove curse.
The bat hits you but does no damage. The iron imp hits you!
* * * LOW HITPOINT WARNING * * *
Unknown command.
It was a potion of haste.
You feel yourself speed up. The bat hits you but does no damage.
The iron imp barely misses you.
Unknown command.
As you read the scroll labeled MUPIHO XIMUOLA, it crumbles to dust.
The creatures around you are filled with an inner flame!
It was a scroll of immolation.
The bat hits you but does no damage. The iron imp hits you.
* * * LOW HITPOINT WARNING * * *
Unknown command.
Unknown command.
You rip the net and break free!
The bat barely misses you. You furiously retaliate!
You headbutt the bat.
The bat explodes!
The fiery explosion engulfs you!!
Ouch! That really hurt!
You die...

. #.#.###.... ..
#.#.# ## ####$
#.#.#
###....#######...#
#................#
#................#
#................#
.#...........§§..>#
..........5.§§@####
#.!........§§5#
#.............#
#.....$.......#
#....(......).#
#?............#
#............##
#............#
#............#


You could see an iron imp and a crimson imp.

Vanquished Creatures
  Jessica (D:2)
  A worm (D:2)
  A dart slug (D:2)
  3 leopard geckos
  3 bats
  3 giant cockroaches
  4 goblins
  4 jackals (D:1)
  A quokka (D:2)
  2 frilled lizards (D:1)
  5 kobolds
  4 rats (D:1)
32 creatures vanquished.

Notes
Turn   | Place    | Note
-------+----------+-------------------------------------------
     0 | D:1      | erloom the Minotaur Monk began the quest for the Orb.
     0 | D:1      | Reached XP level 1. HP: 19/19 MP: 0/0
   122 | D:1      | Reached skill level 4 in Axes
   190 | D:1      | Reached XP level 2. HP: 24/27 MP: 1/1
   803 | D:2      | Noticed Jessica
   817 | D:2      | Reached XP level 3. HP: 19/33 MP: 0/2
   823 | D:2      | Killed Jessica
   823 | D:2      | Reached skill level 5 in Axes
  1095 | D:2      | Noticed Natasha
  1116 | D:2      | Killed from afar by a bat

Levels and vault maps discovered:
D:1:      elethiomel_arrival_quiet, layout_loops_ring,
          chequers_serial_rivers_room_b, hex_medium
D:2:      layout_basic, overflow_temple_1_default, uniq_crazy_yiuf_cottage,
          uniq_jessica, uniq_natasha

Skill      XL: |  1  2  3 |
---------------+----------+-----
Axes           | 4 5 |  5.3
Fighting       | 4 |  4.4
Dodging        | |  3.2
Stealth        | |  1.5

Action                   || total
-------------------------++-------
Melee: Hand axe          ||    75
       Headbutt          ||     9
  Use: Scroll            ||     4
       Potion            ||     1
  Eat: Chunk             ||     1
Armor: Chain mail        ||    50
       Ring mail         ||     4
Dodge: Dodged            ||    41
